 Dungeon Crawl Stone Soup version 0.30-a0-385-gfebfb9b408 (webtiles) character file.

Game seed: 5090856944877472435

28 qeuew the Trooper (level 3, -24/29 HPs)
             Began as a Demonspawn Monk on Dec 3, 2022.
             Annihilated by an ogre
             ... wielding a +0 giant club
              (27 damage)
             ... on level 2 of the Dungeon.
             The game lasted 00:01:31 (1127 turns).

qeuew the Trooper (Demonspawn Monk)                 Turns: 1127, Time: 00:01:31

Health: -24/29     AC:  2    Str: 11    XL:     3   Next: 0%
Magic:  3/3        EV: 13    Int: 14    God:
Gold:   98         SH:  4    Dex: 18    Spells: 2/2 levels left

rFire   . . .      SeeInvis .    d - +0 broad axe
rCold   . . .      Faith    .    (no shield)
rNeg    . . .      Spirit   .    b - +0 robe
rPois   .          Reflect  .    (no helmet)
rElec   .          Harm     .    (no cloak)
rCorr   .          Rampage  .    (no gloves)
Will    .....                    (no boots)
Stlth   ++........               (no amulet)
HPRegen 0.24/turn                (no ring)
MPRegen 0.08/turn                (no ring)

@: unable to read
A: condensation shield, agile 1, clever 1, subdued magic 1, inability to read
after injury 1
a: no special abilities


You were on level 2 of the Dungeon.
You visited 1 branch of the dungeon, and saw 2 of its levels.

You collected 98 gold pieces.

Inventory:

Hand Weapons
 d - a +0 broad axe (weapon)
Armour
 b - a +0 robe (worn)
Scrolls
 a - 3 scrolls of teleportation {unknown}
 h - a scroll of summoning {unknown}
Potions
 c - a potion of ambrosia
 e - a potion of resistance
 f - a potion of brilliance {unknown}
 g - a potion of attraction {unknown}


   Skills:
 + Level 3.3 Fighting
 + Level 3.0 Axes
 + Level 1.0 Armour
 + Level 3.0 Dodging
 - Level 1.7 Stealth
 + Level 0.3 Spellcasting


You had 2 spell levels left.
You didn't know any spells.
Your spell library was empty.

Dungeon Overview and Level Annotations

Branches:
Dungeon (2/15)

Altars:


Innate Abilities, Weirdness & Mutations

A meltable shield of frost defends you. (SH +4)
You are agile. (Dex +4, Str/Int -1)
Your mind is acute. (Int +4, Str/Dex -1)
Your spells are a little easier to cast, but a little less powerful.
You occasionally lose the ability to read scrolls when taking damage.


Message History

You have reached level 3!
Your experience leads to an increase in your attributes!
Your base attributes are Str 11, Int 11, Dex 15.
Increase (S)trength, (I)ntelligence, or (D)exterity?
You feel stronger. x2
You see here a rat corpse.
An ogre comes into view. It is wielding a +0 giant club.
An ogre is nearby!
The helpless ogre fails to defend itself.
You slash the ogre!
The ogre is moderately wounded.
The ogre hits you with a +0 giant club!!
Ouch! That really hurt!
* * * LOW HITPOINT WARNING * * *
You are too injured to fight recklessly!
You are too injured to fight recklessly!
You are too injured to fight recklessly!
You are too injured to fight recklessly!
You are too injured to fight recklessly!
You are too injured to fight recklessly!
You are too injured to fight recklessly!
You are too injured to fight recklessly!
You are too injured to fight recklessly!
You are too injured to fight recklessly!
You are too injured to fight recklessly!
You are too injured to fight recklessly!
Unknown command.
Okay, then.
You hit the ogre.
The ogre is heavily wounded.
The ogre misses you.
You closely miss the ogre.
The ogre is heavily wounded.
The ogre completely misses you.
You slash the ogre!
The ogre is severely wounded.
The ogre hits you with a +0 giant club!!
You feel threatened and lose the ability to read scrolls!
Ouch! That really hurt!
You die...

#.. #.. #..#
#..### #
#....###.#
####....O..#
##......@..##
+...........#
##.#....##..#
#..#.# ..#
#.#..# .#
#.#.## .# #+#
#.#.# # #.#
#.#.#.###..#
#.#
#....†.....#


You could see an ogre.

Vanquished Creatures
  An adder (D:2)
  A dart slug (D:2)
  An endoplasm (D:1)
  2 giant cockroaches (D:1)
  A goblin (D:1)
  A hobgoblin (D:2)
  3 ball pythons
  A bat (D:1)
  3 frilled lizards
  2 kobolds (D:1)
  4 rats (D:2)
20 creatures vanquished.

Notes
Turn   | Place    | Note
-------+----------+-------------------------------------------
     0 | D:1      | qeuew the Demonspawn Monk began the quest for the Orb.
     0 | D:1      | Reached XP level 1. HP: 18/18 MP: 1/1
   221 | D:1      | Gained mutation: A meltable shield of frost defends you.
                  | (SH +4) [demonic ancestry]
   221 | D:1      | Reached XP level 2. HP: 19/24 MP: 2/2
   713 | D:1      | Gained mutation: You have hidden genetic defects. [potion
                  | of mutation]
   713 | D:1      | Gained mutation: You are agile. (Dex +4, Str/Int -1)
                  | [potion of mutation]
   713 | D:1      | Gained mutation: Your mind is acute. (Int +4, Str/Dex -1)
                  | [potion of mutation]
   891 | D:2      | Gained mutation: You occasionally lose the ability to read
                  | scrolls when taking damage. [hidden defects]
   981 | D:2      | Reached skill level 1 in Armour
   988 | D:2      | Gained mutation: Your spells are a little easier to cast,
                  | but a little less powerful. [hidden defects]
   988 | D:2      | Lost mutation: You have hidden genetic defects. [hidden
                  | defects expressed]
  1114 | D:2      | Reached XP level 3. HP: 29/29 MP: 3/3
  1118 | D:2      | Noticed an ogre
  1127 | D:2      | Annihilated by an ogre

Illustrated notes

Levels and vault maps discovered:
D:1:      wander_arrival_peaceful_grave, layout_basic, minmay_misc_feat_encased
D:2:      layout_loops_corners

Skill      XL: |  1  2 |
---------------+-------+-----
Dodging        | 3 |  3.0
Axes           | 3 |  3.0
Armour         | 1 |  1.0
Fighting       | |  3.3
Stealth        | |  1.7
Spellcasting   | |  0.3

Action                   || total
-------------------------++-------
Melee: Broad axe         ||    53
       Hand axe          ||    10
  Use: Scroll            ||     5
       Potion            ||     1
 Stab: Sleeping          ||     6
Armor: Robe              ||     7
Dodge: Dodged            ||    46
Block: Other             ||     6

Table legend: (Time is in decaauts)
 A = Elapsed time spent in this place.
 B = Non-inter-level travel time spent in this place.
 C = Inter-level travel time spent in this place.
 D = Time resting spent in this place.
 E = Time spent auto-exploring this place.
 F = Levels seen in this place.
 G = Mean time per level.
                   A        B        C        D        E       F      G
               +--------+--------+--------+--------+--------+-----+--------+
         Total |   1152 |   1119 |     33 |      0 |    916 |   2 |  576.0 |
       Dungeon |   1152 |   1119 |     33 |      0 |    916 |   2 |  576.0 |
               +--------+--------+--------+--------+--------+-----+--------+

Top non-repeatable levels by time:
     D:1: 759 daAuts
     D:2: 392 daAuts
